 Dungeon Crawl Stone Soup version 0.25-a0-1133-g93ebf739aa (webtiles) character file.

Game seed: 13267312646986175180, levelgen mode: classic

37 Amnesiac the Vexing (level 3, 0/20 HPs)
             Began as a Deep Elf Arcane Marksman on May 21, 2020.
             Succumbed to an adder's poison
             ... on level 2 of the Dungeon.
             The game lasted 00:02:08 (850 turns).

Amnesiac the Vexing (Deep Elf Arcane Marksman)       Turns: 850, Time: 00:02:09

Health: 0/20       AC:  2    Str:  8    XL:     3   Next: 21%
Magic:  3/7        EV: 13    Int: 17    God:
Gold:   38         SH:  0    Dex: 15    Spells: 2/5 levels left

rFire    . . .     SeeInvis .   a - +0 shortbow
rCold    . . .     Gourm    .   (shield currently unavailable)
rNeg     . . .     Faith    .   e - +0 robe
rPois    .         Spirit   .   (no helmet)
rElec    .         Reflect  .   (no cloak)
rCorr    .         Harm     .   (no gloves)
MR       .....                  (no boots)
Stlth    ++........             (no amulet)
HPRegen  0.06/turn              n - ring of stealth
MPRegen  0.10/turn              (no ring)

@: lethally poisoned (0 -> -6), stab, hasted, very quick
A: no striking features
a: no special abilities


You were on level 2 of the Dungeon.
You were not hungry.

You visited 1 branch of the dungeon, and saw 2 of its levels.

You collected 38 gold pieces.

Inventory:

Hand Weapons
 a - a +0 shortbow (weapon)
Missiles
 d - an arrow (quivered)
 h - 17 sling bullets
 k - 35 stones
Armour
 e - a +0 robe (worn)
 j - a +2 buckler
Jewellery
 n - a ring of stealth (left hand)
Scrolls
 c - a scroll of teleportation {!r, unknown}
 g - a scroll of enchant weapon {!r, unknown}
 i - a scroll of noise {!r, unknown}
Comestibles
 f - 4 rations
 m - 2 chunks of flesh


   Skills:
 - Level 1.0 Fighting
 * Level 4.0 Bows
 - Level 2.4 Dodging
 - Level 1.5 Spellcasting
 - Level 4.0 Hexes


You had 2 spell levels left.
You knew the following spells:

 Your Spells              Type           Power        Failure   Level  Hunger
a - Corona                Hex            ##.....      4%          1    ##.....
e - Slow                  Hex            ##......     6%          2    ###....

Your spell library contained the following spells:

 Spells                   Type           Power        Failure   Level  Hunger
 Inner Flame              Hex/Fire       #.......     26%         3    ####...
 Portal Projectile        Hex/Tloc       #.....       26%         3    ####...
 Cause Fear               Hex            ##........   36%         4    #####..
 Leda's Liquefaction      Hex/Erth       #.........   65%         4    #####..


Dungeon Overview and Level Annotations

Branches:
Dungeon (2/15)

Altars:

Annotations:
D:1 1 exclusion


Message History

Press: ? - help, Shift-Dir - straight line, f/p - bat
Aim: a bat (chance to defeat MR: 68%)
The bat struggles to resist.
The bat misses you. The bat hits you but does no damage.
The adder barely misses you. The adder misses you. The bat closely misses you.
The bat hits you. The bat hits you but does no damage. The bat hits you.
Firing (i - inventory. (/) - cycle)
d - 7 arrows (quivered)
Press: ? - help, Shift-Dir - straight line, f/p - bat
Aim: a bat You shoot an arrow.
The arrow hits the bat but does no damage.
The bat closely misses you.
Firing (i - inventory. (/) - cycle)
d - 6 arrows (quivered)
Press: ? - help, Shift-Dir - straight line, f/p - bat
Aim: a bat You shoot an arrow.
The arrow misses the bat.
The arrow barely misses the adder.
The bat hits you but does no damage. x3
Firing (i - inventory. (/) - cycle)
d - 5 arrows (quivered)
Press: ? - help, Shift-Dir - straight line, f/p - bat
Aim: a bat You shoot an arrow.
The arrow hits the bat!
You kill the bat!
Casting: Slow (safe; 6% risk of failure)
Confirm with . or Enter, or press ? or * to list all spells.
Aiming: Corona (safe; 4% risk of failure)
Press: ? - help, Shift-Dir - straight line, f - adder
Aim: an adder (chance to defeat MR: 60%)
The adder is outlined in light.
The adder bites you.
You are poisoned.
The adder poisons you! The adder completely misses you.
Casting: Corona (safe; 4% risk of failure)
Confirm with . or Enter, or press ? or * to list all spells.
Aiming: Slow (safe; 6% risk of failure)
Press: ? - help, Shift-Dir - straight line, f/p - adder
Aim: an adder (softly glowing, chance to defeat MR: 60%)
The adder seems to slow down.
You feel sick.
Firing (i - inventory. (/) - cycle)
d - 4 arrows (quivered)
Press: ? - help, Shift-Dir - straight line, f/p - adder
Aim: an adder (slow, softly glowing)
You shoot an arrow. The arrow barely misses the adder.
You feel sick. The adder bites you.
* * * LOW HITPOINT WARNING * * *
Firing (i - inventory. (/) - cycle)
d - 3 arrows (quivered)
Press: ? - help, Shift-Dir - straight line, f/p - adder
Aim: an adder (slow, softly glowing)
You shoot an arrow. The arrow closely misses the adder.
The adder bites you.
* * * LOW HITPOINT WARNING * * *
Firing (i - inventory. (/) - cycle)
d - 2 arrows (quivered)
Press: ? - help, Shift-Dir - straight line, f/p - adder
Aim: an adder (slow, softly glowing)
You shoot an arrow. The arrow completely misses the adder.
* * * LOW HITPOINT WARNING * * *
You feel sick. The adder bites you.
* * * LOW HITPOINT WARNING * * *
Really quaff
b - a metallic red potion {!q}?
It was a potion of stabbing {!q}.
You feel ready to backstab. The adder closely misses you.
Really quaff
l - a white potion {!q}?
It was a potion of haste {!q}.
You feel yourself speed up. The adder bites you but does no damage.
You die...

.. ##### .... #... #
.....####.######.####.
..(...(.....S.@.......
.....##.<..#####......
... #....# ##... .
#....# . ........
#..........
#..........#
#..........#
#......(...#


You could see an adder (slow, corona).

Vanquished Creatures
  2 oozes (D:1)
  A dart slug (D:1)
  A leopard gecko (D:1)
  5 bats
  5 hobgoblins (D:1)
  A kobold (D:1)
  2 frilled lizards (D:1)
  4 goblins (D:1)
  3 rats
24 creatures vanquished.

Notes
Turn   | Place    | Note
-------+----------+-------------------------------------------
     0 | D:1      | Amnesiac the Deep Elf Arcane Marksman began the quest for
                  | the Orb.
     0 | D:1      | Reached XP level 1. HP: 11/11 MP: 5/5
    81 | D:1      | Reached skill level 1 in Fighting
   110 | D:1      | Reached XP level 2. HP: 15/16 MP: 4/6
   144 | D:1      | Learned a level 2 spell: Slow
   331 | D:1      | Reached XP level 3. HP: 19/20 MP: 5/7
   847 | D:2      | HP: 1/20 [adder (5)]
   850 | D:2      | Succumbed to an adder's poison

Illustrated notes

Levels and vault maps discovered:
D:1:      scummos_arrival_forest, layout_loops_ring, serial_bayou_pond_b,
          due_unseen_surprise
D:2:      layout_basic, overflow_temple_1_default,
          gammafunk_temple_overflow_claw, nicolae_overflow_crystal_walls

Skill      XL: |  1  2  3 |
---------------+----------+-----
Fighting       | 1 |  1.0
Bows           | 3 4 |  4.0
Dodging        | |  2.4
Spellcasting   | |  1.5
Hexes          | |  4.0

Action                   || total
-------------------------++-------
 Fire: Shortbow          ||    66
 Cast: Corona            ||    26
       Slow              ||     2
  Use: Potion            ||     2
Armor: Robe              ||    14
Dodge: Dodged            ||    36

Table legend:
 A = Non-vault XP
 B = Vault XP
 C = Vault XP percentage of total XP
 D = Non-vault monster count
 E = Vault monster count
 F = Vault count percentage of total count
                 A         B        C        D         E       F
            +---------+---------+-------+---------+---------+-------
      Total |      41 |      12 |  22.6 |      20 |       4 |  16.7
            +---------+---------+-------+---------+---------+-------
        D:1 |      38 |      12 |  24.0 |      18 |       4 |  18.2
        D:2 |       3 |       0 |   0.0 |       2 |       0 |   0.0
            +---------+---------+-------+---------+---------+-------
